 Dungeon Crawl Stone Soup version 0.17-a0-1519-g2001520 (webtiles) character file.

13710 matakusis the Fighter (level 11, -6/112 HPs)
             Began as a Demonspawn Gladiator on July 13, 2015.
             Was a High Priest of Qazlal.
             Mangled by a 15-headed hydra (8 damage)
             ... on level 3 of the Lair of Beasts on July 14, 2015.
             The game lasted 01:15:26 (12828 turns).

matakusis the Fighter (Demonspawn Gladiator)       Turns: 12828, Time: 01:15:27

Health: -6/112     AC: 20    Str: 17 (18) XL:     11   Next: 79%
Magic:  11/11      EV: 13    Int: 11      God:    Qazlal [*****.]
Gold:   777        SH: 21    Dex: 15      Spells: 0 memorised, 10 levels left

rFire  + + .     SeeInvis .     h - +1 hand axe (venom)
rCold  . . .     Clarity  .     t - +5 scale mail of the Moon {rF+}
rNeg   . . .     SustAt   .     g - +3 shield
rPois  .         Gourm    .     c - +0 helmet
rElec  .         Spirit   .     (no cloak)
rCorr  .         Warding  .     (no gloves)
rMut   .         Stasis   .     N - +0 pair of boots
MR     .....                    (no amulet)
Stlth  ..........               M - ring of wizardry
                                w - +2 ring of intelligence

@: lethally poisoned (-6 -> -7), exhausted, protected from physical damage,
slowed, repel missiles, very slow, not resistant to hostile enchantments,
extremely unstealthy
A: hooves 2, rugged brown scales 2, blurry vision 1, demonic guardian 2,
deterioration 1, fire resistance 1, powered by death 1, robust 2
a: Upheaval, Elemental Force, Disaster Area, Renounce Religion


You were on level 3 of the Lair of Beasts.
You worshipped Qazlal.
Qazlal was extremely pleased with you.
You were very hungry.

You visited 3 branches of the dungeon, and saw 13 of its levels.
You also visited: Sewer and Ossuary.

You collected 777 gold pieces.

Inventory:

Hand weapons
 h - a +1 hand axe of venom (weapon)
 r - a +2 flail of crushing
 y - a +1 whip of distortion
 z - a +0 hand axe of freezing
Missiles
 d - 4 throwing nets (quivered)
Armour
 c - a +0 helmet (worn)
 g - a +3 shield (worn)
 n - a +0 scale mail
 t - the +5 scale mail of the Moon (worn) {rF+}
   (You found it on level 9 of the Dungeon)

   It protects you from fire.
 N - a +0 pair of boots (worn)
Magical staves
 x - an uncursed staff of summoning {unknown}
Jewellery
 s - an uncursed ring of fire
 w - a +2 ring of intelligence (left hand)
 M - a ring of wizardry (right hand)
Magical devices
 b - a wand of random effects (19)
 G - a wand of frost (21)
 K - a wand of cold (4)
Scrolls
 e - a scroll of fear
 j - a scroll of magic mapping
 q - 2 scrolls of enchant weapon
 v - 2 scrolls of identify
 D - 7 scrolls of teleportation
Potions
 i - a potion of lignification
 m - 4 potions of curing
 u - 2 potions of flight
 B - a potion of magic
 E - a potion of degeneration {unknown}
 H - 2 potions of heal wounds
 L - a potion of agility {unknown}
Books
 k - a book of Conjurations

   Spells                             Type                      Level
   a - Magic Dart                     Conjuration                  1
   b - Searing Ray                    Conjuration                  2
   c - Dazzling Spray                 Conjuration/Hexes            3
   d - Fulminant Prism                Conjuration/Hexes            4
   e - Iskenderun's Mystic Blast      Conjuration                  4
   f - Iskenderun's Battlesphere      Conjuration/Charms           5
 p - a book of Necromancy

   Spells                             Type                      Level
   a - Pain                           Necromancy                   1
   b - Animate Skeleton               Necromancy                   1
   c - Vampiric Draining              Necromancy                   3
   d - Regeneration                   Charms/Necromancy            3
   e - Animate Dead                   Necromancy                   4
   f - Control Undead                 Necromancy                   4
Miscellaneous
 a - a stone of tremors
Comestibles
 f - 5 bread rations
 l - 6 fruits
 o - 2 meat rations
 F - 4 beef jerkies
 I - a royal jelly
 J - 7 slices of pizza


   Skills:
 * Level 9.7 Fighting
 + Level 7.6(7.7) Axes
 + Level 1.3(5.0) Maces & Flails
 + Level 1.9 Throwing
 + Level 6.6 Armour
 + Level 7.8 Dodging
 + Level 9.2 Shields


You had 10 spell levels left.
You didn't know any spells.

Dungeon Overview and Level Annotations

Branches:
Dungeon (9/15)             Temple (1/1) D:4            Lair (3/8) D:9
  Swamp: Lair:3-6    Shoals: Lair:3-6     Snake: Lair:3-6    Spider: Lair:3-6
    Orc: D:9-12

Altars:
Ashenzari
Cheibriados
Dithmenos
Elyvilon
Fedhas
Gozag
Kikubaaqudgha
Makhleb
Nemelex Xobeh
Okawaru
Qazlal
Ru
Sif Muna
Trog
Vehumet
Xom
Yredelemnul
Zin
The Shining One


Innate Abilities, Weirdness & Mutations

You have hoof-like feet.
You are mostly covered in rugged brown scales (AC +2, +5% HP).
A demonic guardian rushes to your aid.
You regenerate a little health from kills.
Scrolls take you a little longer to read.
Your body sometimes deteriorates upon taking damage.
Your flesh is heat resistant.
You are very robust (+20% HP).


Message History

You are too berserk!
Unknown command.
You are too berserk!
You feel sick.
You hear a trumpeting! x2
An elephant comes into view.
You feel a strong urge to attack something.
You are no longer berserk.
You are exhausted.
You feel yourself slow down.
You are feeling very hungry.
You feel sick. The 15-headed hydra closely misses you.
The 15-headed hydra bites you but does no damage.
You block the 15-headed hydra's attack. The 15-headed hydra bites you.
* * * LOW HITPOINT WARNING * * *
The 15-headed hydra bites you.
* * * LOW HITPOINT WARNING * * *
You feel more protected from physical attacks.
The 15-headed hydra bites you!
You die...

.................
..................
...................
......................
......................
..............<.......
..............(.......
...........§..........
........§§D@..(.###...
....Y...§†.§§.### P#
........§.§##.# #
..........###.#
.....###### ##. ...#
## ##


You could see a 15-headed hydra and an elephant.

Vanquished Creatures
  Gastronok (D:8)
  A griffon (Lair:2)
  2 spiny frogs (Lair:1)
  2 black mambas
  3 komodo dragons
  The ghost of Dustman the Poker, an average HuGl of Fedhas (D:4)
  A two-headed ogre (D:9)
  11 yaks
  A basilisk (Lair:1)
  2 hippogriffs
  2 deep elf magi (D:9)
  3 wolves (Lair:1)
  A human (D:7)
  Menkaure (D:5)
  2 wargs (D:9)
  4 porcupines
  A hungry ghost (D:8)
  Duvessa (D:5)
  4 water moccasins
  A phantom (D:6)
  3 orc warriors
  A necrophage (D:9)
  2 sky beasts
  5 ogres
  A big kobold (Sewer)
  A centaur (D:5)
  5 giant frogs
  A wyvern zombie (D:8)
  Dowan (D:5)
  A scorpion (D:4)
  A crimson imp (D:7)
  A centaur zombie (D:6)
  A jelly (D:6)
  8 orc wizards
  A centaur skeleton (D:5)
  4 hounds
  3 giant frog skeletons
  6 orc priests
  Natasha (twice) (D:2)
  6 worker ants
  4 iguanas
  3 sheep (D:7)
  4 big kobold zombies (Ossuary)
  A hound zombie (D:7)
  2 mummies (Ossuary)
  A worker ant zombie (D:9)
  3 hound skeletons
  18 river rats
  17 adders
  7 gnolls
  2 shadow imps
  An ooze (D:1)
  An adder zombie (D:6)
  An adder skeleton (D:4)
  2 worms
  6 giant geckos
  30 orcs
  2 bat skeletons
  14 giant cockroaches
  15 hobgoblins
  11 jackals
  3 quokkas
  2 ball pythons
  14 bats
  A giant gecko skeleton (D:5)
  5 giant newts
  2 gnoll zombies (Ossuary)
  8 goblins
  3 goblin zombies (Ossuary)
  2 hobgoblin zombies (Ossuary)
  23 kobolds
  3 orc zombies (Ossuary)
  2 quokka skeletons
  15 rats
  10 fungi
  4 plants
341 creatures vanquished.

Vanquished Creatures (collateral kills)
  A black mamba (Lair:2)
  4 spiny frogs
  A two-headed ogre (D:9)
  A hippogriff (D:9)
  2 yaks
  A basilisk (Lair:2)
  A warg (D:9)
  A phantom (D:9)
  2 water moccasins (Lair:2)
  A necrophage (D:7)
  A porcupine (Lair:2)
  2 ice beasts
  2 ogres
  A giant frog (Lair:1)
  A jelly (D:8)
  An iguana (Lair:2)
  2 river rats (Lair:1)
  2 orcs
27 creatures vanquished.

Vanquished Creatures (others)
  A kobold (D:1)
  A goblin (D:1)
  3 fungi
5 creatures vanquished.

Grand Total: 373 creatures vanquished

Notes
Turn   | Place    | Note
--------------------------------------------------------------
     0 | D:1      | matakusis the Demonspawn Gladiator began the quest for the Orb.
     0 | D:1      | Reached XP level 1. HP: 16/16 MP: 1/1
    79 | D:1      | Reached skill level 3 in Dodging
    79 | D:1      | Gained mutation: You are partially covered in rugged brown scales (AC +1, +3% HP). [demonic ancestry]
    79 | D:1      | Reached XP level 2. HP: 7/22 MP: 2/2
   842 | D:2      | Noticed Natasha
   852 | D:2      | Killed Natasha
   852 | D:2      | Gained mutation: You regenerate a little health from kills. [demonic ancestry]
   852 | D:2      | Reached XP level 3. HP: 2/28 MP: 3/3
  1437 | D:2      | Gained mutation: You have large cloven feet. [demonic ancestry]
  1437 | D:2      | Reached XP level 4. HP: 33/35 MP: 4/4
  1587 | D:2      | Reached skill level 1 in Armour
  1614 | D:2      | Noticed Natasha
  1620 | D:2      | Killed Natasha
  2269 | D:3      | Gained mutation: You have hoof-like feet. [demonic ancestry]
  2269 | D:3      | Reached XP level 5. HP: 28/42 MP: 5/5
  2533 | D:3      | Reached skill level 1 in Shields
  3141 | D:4      | Noticed Dustman's ghost (average HuGl)
  3611 | D:4      | Killed Dustman's ghost
  3611 | D:4      | Reached skill level 4 in Dodging
  3611 | D:4      | Gained mutation: A weak demonic guardian rushes to your aid. [demonic ancestry]
  3611 | D:4      | Reached XP level 6. HP: 5/49 MP: 6/6
  3950 | D:4      | Found a staircase to the Ecumenical Temple.
  3960 | Temple   | Entered the Ecumenical Temple
  4036 | Temple   | Became a worshipper of Qazlal Stormbringer
  4086 | D:4      | Reached XP level 7. HP: 55/55 MP: 7/7
  4168 | D:4      | Noticed an ogre
  4174 | D:4      | Killed an ogre
  4393 | D:4      | Reached skill level 1 in Maces & Flails
  4443 | D:4      | Acquired Qazlal's first power
  5032 | D:4      | Noticed an ogre
  5044 | D:4      | Killed an ogre
  5284 | D:5      | Entered Level 5 of the Dungeon
  5333 | D:5      | Noticed Duvessa
  5333 | D:5      | Noticed Dowan
  5340 | D:5      | Killed Duvessa
  5341 | D:5      | Killed Dowan
  5341 | D:5      | Reached XP level 8. HP: 52/62 MP: 8/8
  5408 | D:5      | Reached skill level 5 in Fighting
  5408 | D:5      | Reached skill level 5 in Dodging
  5502 | D:5      | Noticed Menkaure
  5505 | D:5      | Acquired Qazlal's second power
  5510 | D:5      | Killed Menkaure
  6109 | D:6      | Gained mutation: You are robust (+10% HP). [mutagenic meat]
  6110 | D:6      | Gained mutation: Your body sometimes deteriorates upon taking damage. [mutagenic meat]
  6111 | D:6      | Gained mutation: You are very robust (+20% HP). [mutagenic meat]
  6112 | D:6      | Gained mutation: Scrolls take you a little longer to read. [mutagenic meat]
  6390 | D:6      | Reached skill level 6 in Fighting
  6404 | D:6      | Gained mutation: You are mostly covered in rugged brown scales (AC +2, +5% HP). [demonic ancestry]
  6404 | D:6      | Reached XP level 9. HP: 76/86 MP: 9/9
  6482 | D:6      | Found a glowing drain.
  6490 | Sewer    | Entered a sewer
  6602 | Sewer    | Found a white marble altar of Elyvilon.
  7094 | D:6      | Found a deep blue altar of Sif Muna.
  7292 | D:7      | Found a sand-covered staircase.
  7313 | Ossuary  | Entered an ossuary
  7320 | Ossuary  | Acquired Qazlal's third power
  7329 | Ossuary  | Reached skill level 5 in Shields
  7336 | Ossuary  | Reached skill level 5 in Axes
  7777 | D:7      | Acquired Qazlal's fourth power
  7894 | D:7      | Found a glowing silver altar of Zin.
  8792 | D:8      | Reached skill level 7 in Fighting
  8878 | D:8      | Found a basalt altar of Yredelemnul.
  8997 | D:8      | Gained mutation: Your flesh is heat resistant. [potion of beneficial mutation]
  9173 | D:8      | Noticed Gastronok
  9185 | D:8      | Killed Gastronok
  9185 | D:8      | Reached skill level 5 in Armour
  9185 | D:8      | Gained mutation: A demonic guardian rushes to your aid. [demonic ancestry]
  9185 | D:8      | Reached XP level 10. HP: 53/100 MP: 10/10
  9933 | D:9      | Reached skill level 8 in Fighting
 10186 | D:9      | Found a staircase to the Lair.
 10254 | D:9      | Got a brightly glowing scale mail
 10265 | D:9      | Identified the +5 scale mail of the Moon {rF+} (You found it on level 9 of the Dungeon)
 10284 | D:9      | Found an iron altar of Okawaru.
 10343 | D:9      | Found a snail-covered altar of Cheibriados.
 11018 | Lair:1   | Entered Level 1 of the Lair of Beasts
 11036 | Lair:1   | Reached XP level 11. HP: 108/108 MP: 11/11
 11049 | Lair:1   | Noticed a black mamba
 11065 | Lair:1   | Killed a black mamba
 11147 | Lair:1   | Acquired Qazlal's fifth power
 11147 | Lair:1   | Reached skill level 9 in Fighting
 12808 | Lair:3   | Noticed a six-headed hydra
 12828 | Lair:3   | HP: 4/112 [15-headed hydra (6)]
 12828 | Lair:3   | Mangled by a 15-headed hydra

Vault maps used:
D:1:      sevenhm_arrival_forest_fort_small_3, lemuel_old_faithful
D:2:      first_bread, minmay_goblin_kobold_house, uniq_natasha
D:3:      grunt_decor_one_mirror
D:4:      forest_paths, minmay_temple_entry_overgrown
D:5:      uniq_menkaure, uniq_duvessa
D:6:      led_sif_pool, portal_sewer_entry_f, minmay_misc_feat_nine_boxes
D:7:      nicolae_ossuary_entry_monument, basic_altar, grunt_livestock
D:8:      basic_altar, uniq_gastronok
D:9:      minitemple, erik_lair_orcish_takeover
Temple:   nicolae_temple_the_god_donut
Lair:1:   beast_lair_carwin_7
Lair:2:   grunt_megastairs_2
Sewer:    sewer_kobolds
Ossuary:  minmay_ossuary_gauntlet

Action                   |  1- 3 |  4- 6 |  7- 9 | 10-12 || total
-------------------------+-------+-------+-------+-------++-------
Melee: War axe           |    13 |       |       |       ||    13
       Hand axe          |    60 |   194 |   515 |   486 ||  1255
       Flail             |       |    35 |    43 |       ||    78
  Use: Scroll            |     2 |     6 |     7 |     1 ||    16
       Potion            |     2 |     1 |     7 |     3 ||    13
 Stab: Sleeping          |     1 |       |       |       ||     1
       Distracted        |       |       |     1 |       ||     1
  Eat: Bread ration      |     1 |       |       |       ||     1
       Chunk             |       |     1 |    13 |     4 ||    18
       Meat ration       |       |     1 |     2 |     1 ||     4
       Pizza             |       |       |       |     1 ||     1
